 Dungeon Crawl Stone Soup version 0.27.1-33-g824d729ab1 (webtiles) character file.

Game seed: 12192711164409296435

141 pkoi the Ruffian (level 5, -9/45 HPs)
             Began as a Draconian Monk on Nov 28, 2021.
             Splashed by a goblin's acid (13 damage)
             ... on level 3 of the Dungeon.
             The game lasted 00:03:01 (2740 turns).

pkoi the Ruffian (Draconian Monk)                   Turns: 2740, Time: 00:03:01

Health: -9/45      AC:  4    Str: 14    XL:     5   Next: 3%
Magic:  5/5        EV: 12    Int: 11    God:
Gold:   102        SH:  0    Dex: 13    Spells: 4/4 levels left

rFire    . . .     SeeInvis .   l - +3 dagger (venom)
rCold    . . .     Faith    .   (no shield)
rNeg     + . .     Spirit   .   (armour unavailable)
rPois    .         Reflect  .   (helmet restricted)
rElec    .         Harm     .   m - +0 cloak
rCorr    .         Rampage  .   a - +1 pair of gloves
Will     .....                  (no boots)
Stlth    ++........             (no amulet)
HPRegen  0.15/turn              g - ring of positive energy
MPRegen  0.09/turn              (no ring)

@: corroded
A: AC +5, unfitting armour, cold-blooded
a: no special abilities


You were on level 3 of the Dungeon.
You visited 1 branch of the dungeon, and saw 3 of its levels.

You collected 102 gold pieces.

Inventory:

Hand Weapons
 h - a +0 dagger
 l - a +3 dagger of venom (weapon)
Missiles
 b - 26 poisoned darts (quivered)
Armour
 a - a +1 pair of gloves (worn)
 m - a +0 cloak (worn)
Jewellery
 c - a ring of ice
 g - a ring of positive energy (left hand)
Wands
 i - a wand of flame (5)
Scrolls
 j - a scroll of enchant armour
 n - a scroll of identify
 o - a scroll of silence {unknown}
Potions
 d - a potion of curing
 e - a potion of ambrosia
 f - a potion of heal wounds
 k - 2 potions of might {unknown}


   Skills:
 - Level 3.2 Fighting
 - Level 2.6 Dodging
 - Level 1.7 Stealth
 + Level 5.8 Unarmed Combat


You had 4 spell levels left.
You didn't know any spells.
Your spell library was empty.

Dungeon Overview and Level Annotations

Branches:
Dungeon (3/15)

Altars:


Innate Abilities, Weirdness & Mutations

Your plain brown scales are hard. (AC +5)
You cannot fit into any form of body armour.
You are cold-blooded and may be slowed by cold attacks.


Message History

A frilled lizard is nearby!
A frilled lizard is nearby!
The frilled lizard misses you.
You hit the frilled lizard.
You kill the frilled lizard!
No target in view!
No target in view!
No target in view!
No target in view!
No target in view!
No target in view!
No target in view!
A goblin comes into view.
It is wielding a +0 dagger of venom and carrying a wand of acid (4).
You see here a frilled lizard corpse.
A goblin is nearby!
A goblin is nearby!
A goblin is nearby!
The goblin shouts!
The goblin zaps a wand.
The bolt of acid hits you! The acid corrodes you!
You are splashed with acid!
* * * LOW HITPOINT WARNING * * *
You are too injured to fight recklessly!
You are too injured to fight recklessly!
You are too injured to fight recklessly!
You are too injured to fight recklessly!
You are too injured to fight recklessly!
You are too injured to fight recklessly!
You are too injured to fight recklessly!
You are too injured to fight recklessly!
You are too injured to fight recklessly!
You are too injured to fight recklessly!
You are too injured to fight recklessly!
You are too injured to fight recklessly!
You are too injured to fight recklessly!
You are too injured to fight recklessly!
You are too injured to fight recklessly!
The goblin zaps a wand.
The bolt of acid hits you!
* * * LOW HITPOINT WARNING * * *
You are splashed with acid!
You die...

#...#.. .# #...#.# ...
##...#.# #.# .......# ...
....#### ..# .......# ..
#.# ##...#.#
##..###g####... #...#.#
..............# #...#.. #@#
#...#### ###.#### #...#
#......####### ##.##
#.#†##........ ##.##
#.#...........
##...#########.####........
...#...........####........
#.###.#######..)..)........
#..#..#######.######.......


You could see a goblin.

Vanquished Creatures
  Crazy Yiuf (D:2)
  Robin (D:1)
  An adder (D:3)
  3 dart slugs
  6 orcs (D:3)
  A ball python (D:1)
  4 endoplasms
  10 goblins
  8 hobgoblins
  6 jackals
  7 kobolds
  3 quokkas
  8 bats
  3 frilled lizards
  18 rats
80 creatures vanquished.

Notes
Turn   | Place    | Note
-------+----------+-------------------------------------------
     0 | D:1      | pkoi the Draconian Monk began the quest for the Orb.
     0 | D:1      | Reached XP level 1. HP: 19/19 MP: 1/1
    26 | D:1      | Found a faded altar of an unknown god.
   123 | D:1      | Reached XP level 2. HP: 12/26 MP: 2/2
   622 | D:1      | Reached skill level 4 in Unarmed Combat
   977 | D:2      | Reached XP level 3. HP: 31/31 MP: 3/3
   991 | D:2      | Noticed Robin
  1320 | D:1      | Killed Robin
  1792 | D:2      | Reached XP level 4. HP: 37/38 MP: 4/4
  1804 | D:2      | Reached skill level 5 in Unarmed Combat
  2192 | D:2      | Found a runed translucent door.
  2193 | D:2      | Noticed Crazy Yiuf
  2307 | D:2      | Killed Crazy Yiuf
  2688 | D:3      | Reached XP level 5. HP: 44/45 MP: 5/5
  2740 | D:3      | Splashed by a goblin's acid

Illustrated notes

Levels and vault maps discovered:
D:1:      saegor_arrival_simple_b, layout_rooms, basic_ecumenical_altar,
          minmay_hedge_maze, minmay_rat_gold_closets
D:2:      layout_loops_cross, uniq_crazy_yiuf_cottage, uniq_robin
D:3:      layout_loops_cross

Skill      XL: |  1  2  3  4 |
---------------+-------------+-----
Unarmed Combat | 4 5 |  5.8
Fighting       | |  3.2
Dodging        | |  2.6
Stealth        | |  1.7

Action                   |  1- 3 |  4- 6 || total
-------------------------+-------+-------++-------
Melee: Unarmed           |   142 |       ||   142
       Tailslap          |    17 |     7 ||    24
       Punch             |     2 |     1 ||     3
       Dagger            |     4 |    66 ||    70
  Use: Scroll            |     4 |     2 ||     6
       Potion            |     1 |       ||     1
 Stab: Sleeping          |     9 |     3 ||    12
Armor: Skin              |    48 |    34 ||    82
Dodge: Dodged            |   112 |    35 ||   147
